AoeStats
← JamesNewstedd

Arena

508066596Analyzed
1v1 RM · 11d ago on Sep 20, 2026· 38m 0s· 2 players
Game mode
Random Map
Map size
Tiny (2 player)
Population
200
Speed
Normal
Resources
Standard
Victory
Conquest
Starting age
Dark Age
Ending age
Imperial Age
RankedLock teamsTeams togetherTeam positionsShared explorationLock speedFull tech treeHidden civsTurbo modeCheats
Victory
Defeat
🇩🇪 Koreans · Germany
1775
+18
🇺🇸 Japanese · United States
1816
-18
JamesNewstedd
7:53 Feudal Age
8:33 Double-Bit Axe
11:27 Fletching
11:25 Loom
11:44 Horse Collar
15:23 Wheelbarrow
19:39 Castle Age
20:47 Bow Saw
22:16 Heavy Plow
25:52 Gold Mining
27:50 Town Watch
28:44 Hand Cart
32:44 Imperial Age
30:08 Stone Mining
30:55 Gold Shaft Mining
30:43 Scale Mail Armor
32:10 Squires
31:55 Arson
32:27 Chain Mail Armor
32:22 Forging
32:17 Treadmill Crane
32:48 Masonry
33:09 Devotion
34:50 Chemistry
33:40 Gambesons
33:22 Elite Fire Lancer
34:35 Plate Mail Armor
34:40 Iron Casting
34:41 Guilds
34:00 Heavy Rocket Cart
35:12 Siege Engineers
35:46 Architecture
37:14 Two-Man Saw
36:04 Pikeman
38:02 Conscription
MooSpecial
8:32 Loom
10:18 Feudal Age
11:58 Double-Bit Axe
12:27 Fletching
18:15 Wheelbarrow
17:36 Horse Collar
22:49 Castle Age
21:06 Gold Mining
21:46 Stone Mining
23:51 Bow Saw
23:20 Crossbowman
28:06 Redemption
29:02 Bodkin Arrow
31:07 Sanctity
30:57 Fervor
32:01 Gold Shaft Mining
34:38 Imperial Age
32:45 Padded Archer Armor
32:52 Thumb Ring
34:08 Leather Archer Armor
36:01 Bracer
36:31 Ring Archer Armor
35:24 Arbalester
36:13 Elite Skirmisher
37:22 Parthian Tactics
37:52 Hand Cart
37:22 Town Watch
39:32 Chemistry
Connection lost

Rejoining the realm…

Still unreachable

The connection could not be restored.

Session expired

The server has moved on; the page needs a fresh start.